 Dungeon Crawl Stone Soup version 0.27-a0-909-g0721f309d1 (webtiles) character file.

Game seed: 16292413505833498580

48 Froggeryz the Chiller (level 3, -4/24 HPs)
             Began as a Vampire Ice Elementalist on Apr 8, 2021.
             Killed from afar by a gnoll (9 damage)
             ... with a puff of flame
             ... on level 2 of the Dungeon.
             The game lasted 00:02:20 (1244 turns).

Froggeryz the Chiller (Vampire Ice Elementalist)    Turns: 1244, Time: 00:02:21

Health: -4/24      AC:  2    Str:  7    XL:     3   Next: 50%
Magic:  2/6        EV: 12    Int: 18    God:
Gold:   18         SH:  0    Dex: 14    Spells: 2/6 levels left

rFire    . . .     SeeInvis +   (no weapon)
rCold    . . .     Faith    .   (no shield)
rNeg     . . .     Spirit   .   a - +0 robe
rPois    .         Reflect  .   (no helmet)
rElec    .         Harm     .   (no cloak)
rCorr    .         Rampage  .   (no gloves)
Will     .....                  (no boots)
Stlth    ++........             (no amulet)
HPRegen  0.28/turn              (no ring)
MPRegen  0.10/turn              (no ring)

@: regenerating quickly
A: alive, fangs 3, see invisible, unbreathing 1, vampiric 2
a: Exsanguinate


You were on level 2 of the Dungeon.
You visited 1 branch of the dungeon, and saw 2 of its levels.

You collected 18 gold pieces.

Inventory:

Missiles
 d - a throwing net
Armour
 a - a +0 robe (worn)
Scrolls
 b - a scroll of torment {unknown}
Potions
 e - 2 potions of degeneration {unknown}


   Skills:
 - Level 2.1 Dodging
 - Level 3.0 Stealth
 - Level 2.0 Spellcasting
 * Level 5.3 Ice Magic


You had 2 spell levels left.
You knew the following spells:

 Your Spells              Type           Power      Damage    Failure   Level
a - Freeze                Ice            84%        1d10      1%          1
b - Frozen Ramparts       Ice            42%        1d6       6%          3

Your spell library contained the following spells:

 Spells                   Type           Power      Damage    Failure   Level
 Ozocubu's Armour         Ice            21%        N/A       6%          3
 Hailstorm                Conj/Ice       11%        3d5       52%         4
 Summon Ice Beast         Ice/Summ       11%        N/A       52%         4


Dungeon Overview and Level Annotations

Branches:
Dungeon (2/15)

Altars:


Innate Abilities, Weirdness & Mutations

Your natural rate of healing is unusually fast.
You have razor-sharp teeth.
You have supernaturally acute eyesight. (SInv)
You can survive without breathing.
You are afflicted with vampirism and can become a bat while bloodless.


Message History

The wall freezes the gnoll.
The gnoll barely misses you.
The wall freezes the gnoll.
The gnoll hits you from afar with a +0 spear!
Unknown command.
Casting: Frozen Ramparts (quite dangerous; 7% risk of failure)
Confirm with . or Enter, or press ? or * to list all spells.
Aiming: Freeze (safe; 2% risk of failure)
Press: ? - help, Shift-Dir - straight line, f - gnoll
Aim: a gnoll, wielding a +2 whip of pain (moderately wounded)
You freeze the gnoll.
The gnoll is heavily wounded.
The wall freezes the gnoll.
The gnoll hits you with a +2 whip of pain.
* * * LOW HITPOINT WARNING * * *
The wall freezes the gnoll.
You kill the gnoll!
Unknown command.
Casting: Freeze (safe; 2% risk of failure)
Confirm with . or Enter, or press ? or * to list all spells.
Aiming: Freeze (safe; 2% risk of failure)
Press: ? - help, Shift-Dir - straight line, f/p - gnoll
Aim: a gnoll, wielding a +2 whip of pain (severely wounded)
You freeze the gnoll.
You kill the gnoll!
Unknown command.
Unknown command.
Your frozen ramparts will break if you move.
Continue?
The frozen ramparts melt away as you move.
The gnoll zaps a wand.
The puff of flame hits you.
* * * LOW HITPOINT WARNING * * *
You see here a +2 whip of pain.
Okay, then.
Unknown command.
You feel better.
The gnoll hits you from afar with a +0 halberd.
* * * LOW HITPOINT WARNING * * *
Unknown command.
You see here a +0 mace.
The gnoll zaps a wand.
The puff of flame hits you!
You die...

### #.. ###### #.# #....# # #.#
#....# ### #.# # #....# #..
######## #.###.# #....# #.#
.......###...#.#########....###.#
.#.......รท..<.................)..
.#.###.#######.#@...#######...#.#
...................g#.....#.#....
..>.......................#...#.#
#........###########..)...#...+..
..........................')..#.#
.......#.########.......#)#...#$#
##.....#.# #.##....#..##.#.#
.'.....#.# #.##....##.##.#..
##.....#.# #.##....##..#.#..


You could see a gnoll.

Vanquished Creatures
  2 gnolls (D:2)
  A worm (D:2)
  3 ball pythons (D:1)
  3 endoplasms
  2 goblins (D:1)
  2 hobgoblins
  6 jackals (D:1)
  4 bats
  A kobold (D:1)
24 creatures vanquished.

Notes
Turn   | Place    | Note
-------+----------+-------------------------------------------
     0 | D:1      | Froggeryz the Vampire Ice Elementalist began the quest for
                  | the Orb.
     0 | D:1      | Reached XP level 1. HP: 13/13 MP: 3/3
   448 | D:1      | Reached XP level 2. HP: 8/19 MP: 0/5
  1159 | D:2      | Reached skill level 5 in Ice Magic
  1200 | D:2      | Gained mutation: You are afflicted with vampirism and can
                  | become a bat while bloodless. [Vampire growth]
  1200 | D:2      | Reached XP level 3. HP: 18/24 MP: 3/6
  1224 | D:2      | Learned a level 3 spell: Frozen Ramparts
  1244 | D:2      | Killed from afar by a gnoll

Illustrated notes

Levels and vault maps discovered:
D:1:      dpeg_chamrin_arrival_tetris, layout_basic
D:2:      layout_basic, basic_ecumenical_altar, minmay_cut_off

Skill      XL: |  1  2 |
---------------+-------+-----
Ice Magic      | 5 |  5.3
Dodging        | |  2.1
Stealth        | |  3.0
Spellcasting   | |  2.0

Action                   || total
-------------------------++-------
Melee: Unarmed           ||    37
       Bite              ||     1
 Cast: Freeze            ||    38
       Frozen Ramparts   ||     1
  Use: Potion            ||     2
       Scroll            ||     1
Armor: Robe              ||     8
Dodge: Dodged            ||    44

Table legend: (Time is in decaauts)
 A = Elapsed time spent in this place.
 B = Non-inter-level travel time spent in this place.
 C = Inter-level travel time spent in this place.
 D = Time resting spent in this place.
 E = Time spent auto-exploring this place.
 F = Levels seen in this place.
 G = Mean time per level.
                   A        B        C        D        E       F      G
               +--------+--------+--------+--------+--------+-----+--------+
         Total |   1244 |   1188 |     56 |    133 |    826 |   2 |  622.0 |
       Dungeon |   1244 |   1188 |     56 |    133 |    826 |   2 |  622.0 |
               +--------+--------+--------+--------+--------+-----+--------+

Top non-repeatable levels by time:
     D:1: 916 daAuts
     D:2: 328 daAuts
